cohdb
Replays
Latest Replays
All Replays
Popular Replays
Top Player Replays
Match Explorer
How It Works
Community
CoH3 Stats
Reddit
Sign in to upload your games and track your stats! →
Sign in with Steam
Match 45175684
Unlisted
Match 45175684
Overview
Messages
Build Orders
End
Selects Australian Defense Battlegroup
Selects Australian Light Infantry Section
Australian Light Infantry Section
Construct Section Command Post
Australian Light Infantry Section
Infantry Section
Construct Platoon Command Post
Humber Armored Car
Infantry Training
6-pounder Anti-tank Gun Team
Selects CMP 15cwt Supply Run
Selects Reinforced Resource Caches
Royal Engineer Section
Selects Defensive Tactics
Construct Company Command Post
Matilda II Heavy Tank
Selects Vehicle Over Repair
Crusader II Medium Tank
noony2351
Elite_1650
Engine1000
Meder
0
0
Comments
sign in to comment!
No comments posted yet!